AoeStats
← Guenkor

Arabia

509994332Analyzed
1v1 RM · 4d ago on Sep 29, 2026· 45m 20s· 2 players
Game mode
Random Map
Map size
Tiny (2 player)
Population
200
Speed
Normal
Resources
Standard
Victory
Conquest
Starting age
Dark Age
Ending age
Imperial Age
RankedLock teamsTeams togetherTeam positionsShared explorationLock speedFull tech treeHidden civsTurbo modeCheats
Victory
Defeat
🇧🇷 Spanish · Brazil
680
+16
🇲🇽 Spanish · Mexico
677
-16
Guenkor
10:08 Feudal Age
10:38 Double-Bit Axe
17:08 Horse Collar
18:36 Gold Mining
23:43 Castle Age
24:01 Pikeman
25:13 Bow Saw
27:45 Stone Mining
35:35 Imperial Age
34:44 Stone Shaft Mining
39:28 Heavy Plow
40:14 Wheelbarrow
39:57 Scale Barding Armor
39:53 Scale Mail Armor
41:12 Chain Barding Armor
41:03 Forging
41:24 Elite Conquistador
43:36 Wheelbarrow
44:37 Plate Barding Armor
HasaN
12:04 Feudal Age
10:20 Loom
14:23 Double-Bit Axe
21:32 Castle Age
20:34 Bloodlines
21:45 Horse Collar
21:42 Light Cavalry
22:38 Stone Mining
22:41 Gold Mining
24:40 Stone Shaft Mining
26:43 Wheelbarrow
26:28 Bow Saw
30:18 Padded Archer Armor
32:20 Leather Archer Armor
34:55 Husbandry
42:24 Imperial Age
41:51 Heavy Plow
43:50 Ring Archer Armor
44:19 Elite Conquistador
46:16 Ballistics
46:57 Chemistry
45:52 Murder Holes
46:08 Fortified Wall
Connection lost

Rejoining the realm…

Still unreachable

The connection could not be restored.

Session expired

The server has moved on; the page needs a fresh start.